 Dungeon Crawl Stone Soup version 0.18-a0-824-g47fe746 (webtiles) character file.

3364 benitares the Basher (level 10, 0/72 HPs)
             Began as an Octopode Fighter on Dec 17, 2015.
             Was an Initiate of Gozag.
             Slain by a troll (11 damage)
             ... on level 8 of the Dungeon.
             The game lasted 00:22:12 (8897 turns).

benitares the Basher (Octopode Fighter)             Turns: 8897, Time: 00:22:13

Health: 0/72       AC:  1    Str: 15    XL:     10   Next: 3%
Magic:  10/10      EV: 14    Int: 11    God:    Gozag
Gold:   617        SH: 10    Dex: 20    Spells: 0 memorised, 9 levels left

rFire  + + .     SeeInvis +     c - +5 mace of Xocotwao {speed, rF+ rC+ Dex+3}
rCold  + . .     Gourm    .     b - +0 shield
rNeg   . . .     Faith    .     (helmet restricted)
rPois  .         Spirit   .     (no amulet)
rElec  +         Dismiss  .     h - ring of protection from cold
rCorr  .         Reflect  .     e - ring of sustain attributes
SustAt +         Harm     .     r - ring of wizardry
MR     +....                    A - ring of invisibility
Stlth  +++.......               D - ring of protection from magic
                                H - ring of fire
                                (no ring)
                                (no ring)

@: flying, somewhat resistant to hostile enchantments, fairly stealthy
A: almost no armour, amphibious, 8 rings, constrict 8, camouflage 1, see
invisible, agile 1, sense surroundings 1, electricity resistance, gelatinous
body 1
a: Potion Petition, Call Merchant, Bribe Branch, Renounce Religion, Evoke
Invisibility


You were on level 8 of the Dungeon.
You worshipped Gozag.
Gozag was noncommittal.
You were not hungry.

You visited 2 branches of the dungeon, and saw 9 of its levels.
You also visited: Sewer.

You collected 877 gold pieces.
You spent 208 gold pieces at shops.
You paid 52 gold pieces to Gozag.

Inventory:

Hand Weapons
 a - a +1 flail
 c - the +5 mace of Xocotwao (weapon) {speed, rF+ rC+ Dex+3}
   (You bought it in a shop on level 4 of the Dungeon)

   Attacks with this weapon are significantly faster.
   It affects your dexterity (+3).
   It protects you from fire.
   It protects you from cold.
 t - a +2 whip of flaming
Armour
 b - a +0 shield (worn)
Jewellery
 e - a ring of sustain attributes (right tentacle)
 h - a ring of protection from cold (left tentacle)
 r - a ring of wizardry (on tentacle)
 y - a +5 amulet of reflection {unknown}
 A - a ring of invisibility (on tentacle)
 D - a ring of protection from magic (on tentacle)
 H - a ring of fire (on tentacle)
Wands
 n - a wand of fire (0)
 o - a wand of lightning (0)
 z - a wand of disintegration (10)
Scrolls
 g - 3 scrolls of magic mapping
 j - 2 scrolls of enchant weapon
 l - a scroll of fear
 s - 3 scrolls of teleportation
 u - 5 scrolls of identify
 F - 2 scrolls of remove curse
 I - a scroll of random uselessness {unknown}
Potions
 f - 2 potions of poison {unknown}
 i - 2 potions of curing {unknown}
 k - 3 potions of agility
 m - 3 potions of flight
 p - 3 potions of heal wounds {unknown}
 q - 2 potions of brilliance {unknown}
 x - 3 potions of haste {unknown}
 B - a potion of invisibility {unknown}
 C - a potion of might
 E - 2 potions of resistance {unknown}
 G - 2 potions of lignification {unknown}
Books
 w - a book of Clouds

   Spells                             Type                      Level
   a - Mephitic Cloud                 Conjuration/Poison/Air       3
   b - Conjure Flame                  Conjuration/Fire             3
   c - Poisonous Cloud                Conjuration/Poison/Air       6
   d - Freezing Cloud                 Conjuration/Ice/Air          6
   e - Ring of Flames                 Charms/Fire                  7
Comestibles
 d - 4 bread rations
 v - a meat ration


   Skills:
 + Level 7.8 Fighting
 + Level 10.4 Maces & Flails
 - Level 5.0 Dodging
 - Level 5.2 Shields


You had 9 spell levels left.
You didn't know any spells.

Dungeon Overview and Level Annotations

Branches:
Dungeon (8/15)             Temple (1/1) D:5
   Lair: D:8-11

Altars:
Ashenzari
Dithmenos
Elyvilon
Fedhas
Gozag
Kikubaaqudgha
Makhleb
Nemelex Xobeh
Okawaru
Pakellas
Qazlal
Sif Muna
Trog
Vehumet
Xom
Yredelemnul
Zin
The Shining One

Shops:
D:4 (   D:7 [

Annotations:
D:5 exclusion: ogre
D:8 exclusion: 2 electric eels


Innate Abilities, Weirdness & Mutations

You cannot wear most types of armour.
You are amphibious.
You can wear up to eight rings at the same time.
You can use your tentacles to constrict eight enemies at once.
Your skin changes colour to match your surroundings (Stealth).
Your rubbery body absorbs attacks (AC +1).
You have supernaturally acute eyesight.
You are agile. (Dex +2)
You passively map a small area around you.
You are resistant to electric shocks.


Message History

The troll is lightly wounded.
You completely miss the troll.
The troll is lightly wounded.
The troll bites you! The troll claws you. You block the troll's attack.
You sock the troll! You squeeze the troll!
The troll is heavily wounded.
The troll barely misses you. The troll claws you! The troll claws you.
You hit the troll but do no damage. Your squeeze misses the troll.
The troll is heavily wounded.
You thump the troll!
The troll is severely wounded.
You block the troll's attack. The troll claws you! The troll barely misses you.
Drink which item? (? for menu, Esc to quit)
It was a potion of flight.
You feel very buoyant.
You fly up into the air.
The troll bites you!
* * * LOW HITPOINT WARNING * * *
You block the troll's attack. The troll claws you!
You die...
Your body crumbles into a pile of gold.

#####################.#.#####.#
.........)...................>#
################.####.#######.#
#................##(#
#.####....##.....##.# *
#.....'....[+..# *
#(....#.....#### #.....#.....#
#@###.#.....# #T# #.#.....# #,
#.###'####### #.* #.#....#
####.####.#....# ,
........#[#....#
.)........#....# ,
.≈≈....!..###'#########
.≈≈≈...$#.###.........#


You could see a troll.

Vanquished Creatures
  Prince Ribbit (D:6)
  A yak (D:6)
  Grum (D:8)
  2 hippogriffs (D:7)
  3 wolves (D:8)
  A sky beast (D:6)
  2 phantoms (D:6)
  3 ogres
  An ice beast (D:8)
  A centaur (D:6)
  2 big kobolds (Sewer)
  4 giant frogs
  3 scorpions
  3 jellies
  An orc priest (D:7)
  2 giant frog skeletons
  A gnoll shaman (D:5)
  2 hounds
  A wasp zombie (D:6)
  A crimson imp (D:6)
  3 orc wizards
  Jessica (D:2)
  An iguana (D:5)
  9 worker ants
  A hound skeleton (D:7)
  A worker ant zombie (D:7)
  7 gnolls (D:5)
  9 adders
  A shadow imp (D:6)
  An ooze (D:1)
  An adder skeleton (D:6)
  2 worms
  A giant gecko (D:3)
  17 orcs
  7 giant cockroaches
  10 goblins
  8 hobgoblins
  4 jackals
  6 ball pythons
  9 bats
  9 giant newts
  22 kobolds
  7 quokkas
  13 rats
  A fungus (Sewer)
187 creatures vanquished.

Notes
Turn   | Place    | Note
--------------------------------------------------------------
     0 | D:1      | benitares the Octopode Fighter began the quest for the Orb.
     0 | D:1      | Reached XP level 1. HP: 16/16 MP: 1/1
   334 | D:1      | Reached XP level 2. HP: 17/21 MP: 2/2
   996 | D:1      | Reached XP level 3. HP: 26/26 MP: 3/3
  1646 | D:2      | Reached skill level 4 in Maces & Flails
  1825 | D:2      | Found a bloodstained altar of Trog.
  1831 | D:2      | Reached XP level 4. HP: 26/31 MP: 4/4
  1969 | D:2      | Noticed Jessica
  2094 | D:2      | Killed Jessica
  2300 | D:3      | Gained mutation: You are agile. (Dex +2) [potion of mutation]
  2300 | D:3      | Gained mutation: You are resistant to electric shocks. [potion of mutation]
  2300 | D:3      | Gained mutation: You have supernaturally acute eyesight. [potion of mutation]
  2415 | D:3      | Reached skill level 5 in Maces & Flails
  2415 | D:3      | Reached XP level 5. HP: 25/36 MP: 5/5
  2976 | D:3      | Found a shattered altar of Ashenzari.
  2976 | D:3      | Found a shimmering altar of Xom.
  3104 | D:3      | Reached skill level 6 in Maces & Flails
  3110 | D:3      | HP: 1/36 [acid (6)]
  3571 | D:3      | Reached XP level 6. HP: 42/42 MP: 6/6
  3936 | D:4      | Found Acupan's Antique Weapon Shop.
  3941 | D:4      | Gained mutation: You passively map a small area around you. [potion of beneficial mutation]
  4500 | D:5      | Entered Level 5 of the Dungeon
  4549 | D:5      | Reached skill level 7 in Maces & Flails
  4605 | D:5      | Found a glowing drain.
  4653 | D:5      | Found a staircase to the Ecumenical Temple.
  4666 | Temple   | Entered the Ecumenical Temple
  4667 | Temple   | Reached XP level 7. HP: 31/46 MP: 7/7
  4711 | Temple   | Became a worshipper of Gozag Ym Sagoz the Greedy
  4751 | Sewer    | Entered a sewer
  5706 | D:4      | Bought a polished mace for 208 gold pieces
  5807 | D:5      | Identified the +5 mace of Xocotwao {speed, rF+ rC+ Dex+3} (You bought it in a shop on level 4 of the Dungeon)
  6065 | D:5      | Reached XP level 8. HP: 54/54 MP: 8/8
  6070 | D:5      | Reached skill level 8 in Maces & Flails
  6966 | D:6      | Reached skill level 5 in Shields
  7005 | D:6      | Noticed Prince Ribbit
  7028 | D:6      | Reached skill level 5 in Fighting
  7028 | D:6      | Reached skill level 5 in Dodging
  7095 | D:6      | Killed Prince Ribbit
  7095 | D:6      | Reached XP level 9. HP: 40/61 MP: 9/9
  7245 | D:6      | Reached skill level 9 in Maces & Flails
  7864 | D:7      | Found Giefif's Antique Armour Shop.
  8547 | D:8      | Found a glowing silver altar of Zin.
  8592 | D:8      | Found a deep blue altar of Sif Muna.
  8592 | D:8      | Found a basalt altar of Yredelemnul.
  8636 | D:8      | Noticed Grum
  8646 | D:8      | Reached skill level 10 in Maces & Flails
  8709 | D:8      | Killed Grum
  8709 | D:8      | Reached XP level 10. HP: 70/72 MP: 10/10
  8897 | D:8      | Slain by a troll

Vault maps used:
D:1:      dpeg_arrival_brainrot, minivault_27, minmay_misc_feat_tower
D:2:      lemuel_round_altar, first_bread, kennysheep_jessica_study
D:3:      gammafunk_temple_overflow_elements
D:4:      lemuel_coloured_pillars_altar, serial_shops, shop
D:5:      minmay_temple_entry_purple_smoke, portal_sewer_entry_c,
          minmay_strange_pillars
D:6:      wad_guarded_room, uniq_prince_ribbit1
D:7:      serial_shops, nicolae_shop_overgrown_old_shop
D:8:      gammafunk_temple_overflow_forgotten, erik_lair_island, uniq_grum
Temple:   circular_temple_12
Sewer:    kennysheep_pipe_town

Action                   |  1- 3 |  4- 6 |  7- 9 | 10-12 || total
-------------------------+-------+-------+-------+-------++-------
Melee: Flail             |    83 |   121 |    39 |       ||   243
       Mace              |       |       |   175 |    18 ||   193
       Whip              |       |       |    11 |       ||    11
Invok: Potion Petition   |       |       |     1 |       ||     1
Evoke: Wand              |       |     4 |     3 |       ||     7
  Use: Scroll            |       |    15 |     4 |       ||    19
       Potion            |       |     3 |     1 |     1 ||     5
 Stab: Sleeping          |     6 |     2 |     9 |       ||    17
       Distracted        |     1 |       |       |       ||     1
  Eat: Chunk             |     3 |     9 |       |       ||    12
       Beef jerky        |       |       |     3 |       ||     3
       Meat ration       |       |       |     1 |     1 ||     2
       Fruit             |       |       |     2 |       ||     2
